 Dungeon Crawl Stone Soup version 0.30.1-11-g7821555f0a (webtiles) character file.

Game seed: 14115893856454476977

907 lonewolfV2 the Covered (level 8, -2/58 HPs)
             Began as a Formicid Fighter on Nov 1, 2023.
             Slain by a black bear (5 damage)
             ... created by the rage of Trog
             ... on level 5 of the Dungeon.
             The game lasted 00:10:08 (5354 turns).

lonewolfV2 the Covered (Formicid Fighter)           Turns: 5354, Time: 00:10:08

Health: -2/58      AC: 20    Str: 21    XL:     8   Next: 29%
Magic:  8/8        EV:  7    Int:  8    God:
Gold:   332        SH:  9    Dex: 15    Spells: 7/7 levels left

rFire   . . .        a - +1 war axe (protect)
rCold   . . .        h - +0 kite shield
rNeg    . . .        l - +0 plate armour
rPois   .            (helmet unavailable)
rElec   .            (no cloak)
rCorr   .            (no gloves)
SInv    +            (no boots)
Will    .....        (no amulet) Stlth
                     (no ring)
HPRegen 0.29/turn    (no ring)
MPRegen 0.11/turn

%: no passive effects
@: mighty, under a protective aura
A: permanent stasis, dig shafts and tunnels, antennae 3, four strong arms
a: Dig, Shaft Self


You were on level 5 of the Dungeon.
You visited 1 branch of the dungeon, and saw 5 of its levels.
You also visited: Sewer.

You collected 332 gold pieces.

Inventory:

Hand Weapons
 a - a +1 war axe of protection (weapon)
 i - a +4 hand axe
Armour
 b - a +0 scale mail
 h - a +0 kite shield (worn)
 l - a +0 plate armour (worn)
Wands
 f - a wand of digging (6)
Scrolls
 o - a scroll of identify
Potions
 c - a potion of berserk rage
 d - 2 potions of might
 e - a potion of brilliance
 g - 4 potions of flight
 j - a potion of lignification {unknown}
 k - a potion of invisibility
 m - a potion of mutation {unknown}
 n - 2 potions of degeneration {unknown}
 p - a potion of resistance {unknown}


   Skills:
 - Level 3.3 Fighting
 - Level 2.1 Axes
 + Level 6.6 Armour
 + Level 6.3 Dodging
 - Level 4.1 Shields


You had 7 spell levels left.
You didn't know any spells.
Your spell library contained the following spells:

 Spells                   Type           Power      Damage    Failure   Level
 Sandblast                Erth           0%         2d4       100%        1
 Sting                    Tmut/Pois      0%         1d3       100%        1
 Cigotuvi's Dreadful Rot  Necr/Pois/Air  0%         N/A       100%        2
 Passwall                 Tmut/Erth      0%         N/A       100%        2
 Poisonous Vapours        Pois/Air       0%         N/A       100%        2
 Ignite Poison            Fire/Tmut/Pois 0%         N/A       100%        3
 Stone Arrow              Conj/Erth      0%         3d7       100%        3
 Olgreb's Toxic Radiance  Pois           0%         N/A       100%        4
 Freezing Cloud           Conj/Ice/Air   0%         6-21      100%        5


Dungeon Overview and Level Annotations

Branches:
Dungeon (5/15)              Sewer (visited)
 Temple: D:4-7

Altars:
Ashenzari
Dithmenos
Elyvilon
Okawaru
Trog
Uskayaw
Yredelemnul
Zin

Shops:
D:1 [


Innate Abilities, Weirdness & Mutations

You cannot be hasted, slowed, berserked, paralysed or teleported.
You can dig through walls and to a lower floor.
You have a pair of large antennae on your head. (SInv)
Your four strong arms can wield two-handed weapons with a shield.


Message History

The polar bear closely misses you.
You closely miss the black bear. You hit the polar bear.
You barely miss the polar bear. The polar bear bites you.
You block the polar bear's attack. The polar bear closely misses you.
The black bear bites you but does no damage.
The black bear claws you but does no damage. x2
The polar bear closely misses you. The polar bear completely misses you.
The polar bear claws you but does no damage.
The polar bear bites you!
The polar bear claws you but does no damage. x2
You block the black bear's attack.
The black bear claws you but does no damage.
You block the black bear's attack. The polar bear bites you!
* * * LOW HITPOINT WARNING * * *
The polar bear claws you.
* * * LOW HITPOINT WARNING * * *
The polar bear claws you but does no damage.
The black bear bites you.
* * * LOW HITPOINT WARNING * * *
The black bear claws you but does no damage.
The black bear barely misses you.
You slash the black bear!
The black bear is moderately wounded.
You hit the black bear. You hit the polar bear. x2
You block the polar bear's attack.
The polar bear claws you but does no damage. x2
The black bear bites you but does no damage.
The black bear claws you but does no damage. x2
The black bear bites you but does no damage.
The black bear claws you but does no damage. x2
The polar bear bites you but does no damage.
The polar bear claws you but does no damage.
You block the polar bear's attack.
The polar bear bites you but does no damage.
The polar bear claws you.
* * * LOW HITPOINT WARNING * * *
The polar bear claws you.
* * * LOW HITPOINT WARNING * * *
The black bear bites you.
You die...

########## #..§§....######
#.#≈§≈§≈.≈≈≈≈≈# #.#§####'####≈#
####h###≈≈≈.≈§§##
#..@h##⌠≈....§≈⌠#
#.hh.###§.._..§##
#####....##⌠§§.§.§≈⌠#
#........###§≈§§≈≈≈## ##
#.##.....# ###⌠#⌠### .#
#.###....# #######
##########...<#.#######.....##.
..............[................
..##...######.#########........


You could see 2 polar bears and 2 black bears.

Vanquished Creatures
  Eustachio (D:4)
  A bullfrog (D:5)
  A scorpion (D:4)
  A howler monkey (D:5)
  3 hounds (D:4)
  2 orc priests
  5 orc wizards
  A sickly merfolk siren (Sewer)
  A malarious merfolk avatar (Sewer)
  9 adders
  5 river rats (Sewer)
  A shadow imp (D:5)
  A white imp (D:5)
  2 ufetubi
  2 worms (D:3)
  2 dart slugs
  16 orcs
  9 ball pythons
  11 endoplasms
  4 giant cockroaches
  10 goblins
  6 hobgoblins
  7 jackals (D:4)
  3 quokkas
  6 bats
  11 frilled lizards
  10 kobolds
  21 rats
152 creatures vanquished.

Notes
Turn   | Place    | Note
-------+----------+-------------------------------------------
     0 | D:1      | lonewolfV2 the Formicid Fighter began the quest for the
                  | Orb.
     0 | D:1      | Reached XP level 1. HP: 18/18 MP: 1/1
    72 | D:1      | Reached XP level 2. HP: 24/24 MP: 2/2
   172 | D:1      | Reached skill level 1 in Dodging
   326 | D:1      | Reached XP level 3. HP: 29/29 MP: 3/3
   647 | D:1      | Found Iloi's Antique Armour Shoppe.
  1277 | D:2      | Reached XP level 4. HP: 22/35 MP: 4/4
  1677 | D:2      | Found a faded altar of an unknown god.
  1691 | D:2      | Prayed at the altar of an unknown god.
  1691 | D:2      | Became a worshipper of Trog the Wrathful
  1691 | D:2      | Reached * piety under Trog
  1692 | D:2      | Fell from the grace of Trog
  2066 | D:3      | Reached XP level 5. HP: 15/41 MP: 5/5
  2423 | D:3      | Found a basalt altar of Yredelemnul.
  2542 | D:3      | Reached XP level 6. HP: 47/47 MP: 6/6
  2651 | D:3      | Found a hide-covered altar of Uskayaw.
  2796 | D:3      | Reached skill level 5 in Armour
  3097 | D:4      | Found a white marble altar of Elyvilon.
  3125 | D:4      | Reached XP level 7. HP: 38/52 MP: 7/7
  3279 | D:4      | Found a glowing silver altar of Zin.
  3357 | D:4      | Found an iron altar of Okawaru.
  3357 | D:4      | Found a broken altar of Ashenzari.
  3405 | D:4      | Noticed Eustachio
  3444 | D:4      | Killed Eustachio
  3445 | D:4      | Reached skill level 5 in Dodging
  4230 | D:5      | Entered Level 5 of the Dungeon
  4233 | D:5      | Found a glowing drain.
  4266 | Sewer    | Entered a sewer
  4867 | Sewer    | Reached XP level 8. HP: 58/58 MP: 8/8
  5052 | D:5      | Found a shadowy altar of Dithmenos.
  5312 | D:5      | Found a bloodstained altar of Trog.
  5351 | D:5      | Noticed a polar bear
  5351 | D:5      | Noticed a polar bear
  5354 | D:5      | Slain by a black bear

Illustrated notes

Levels and vault maps discovered:
D:1:      mrwooster_arrival_statue_2, layout_basic, serial_shops,
          shop_fountains, chequers_decorated_corner
D:2:      layout_loops_ring, chequers_ecumenical_altar_simple
D:3:      layout_rooms, marbit_many_paths, nicolae_uskayaw_suspiria
D:4:      layout_layer_cave, mainiacjoe_overflow_six_doors_small,
          grunt_temple_overflow_open, uniq_eustachio
D:5:      layout_basic, lightli_temple_of_fire, nicolae_dithmenos_shadow_blocks,
          portal_sewer_entry_d

Skill      XL: |  1  2  3  4  5  6  7  8 |
---------------+-------------------------+-----
Dodging        | 1 2 3 4 5 6 |  6.3
Armour         | 4 5 6 |  6.6
Fighting       | |  3.3
Axes           | |  2.1
Shields        | |  4.1

Action                     |  1- 3 |  4- 6 |  7- 9 || total
---------------------------+-------+-------+-------++-------
  Melee: War axe           |    71 |   147 |   242 ||   460
 Invoke: Renounce Religion |       |     1 |       ||     1
    Use: Scroll            |     6 |     4 |     3 ||    13
         Potion            |       |       |     4 ||     4
 Armour: Scale mail        |    28 |       |       ||    28
         Plate armour      |     5 |   109 |   221 ||   335
  Dodge: Dodged            |    25 |    57 |    99 ||   181
  Block: Buckler           |    17 |     6 |       ||    23
         Kite shield       |       |    98 |   181 ||   279
